[Event "ICC tourney 2355 (60 10)"]
[Site "Internet Chess Club"]
[Date "2021.01.30"]
[Round "3"]
[White "akhan123"]
[Black "mvasilyev"]
[Result "1-0"]
[ICCResult "Black checkmated"]
[WhiteElo "764"]
[BlackElo "402"]
[Opening "Ruy Lopez: Berlin defense"]
[ECO "C65"]
[NIC "RL.07"]
[Time "16:00:13"]
[PlyCount "65"]
[TimeControl "3600+10"]

1. e4 e5 2. Nf3 Nc6 3. Bb5 Nf6 4. Bxc6 dxc6 5. Nxe5 Qe7 6. d4 Nxe4 7. Qe2
Nf6 8. Bg5 Qd8 9. Nxc6+ Kd7 10. Nxd8 Kxd8 11. Bxf6+ gxf6 12. O-O Be7 13.
Re1 Re8 14. Nc3 Bd7 15. Qf3 Rb8 16. Nd5 c6 17. Nxe7 Rxe7 18. Qxf6 Be6 19.
Rxe6 fxe6 20. Qf8+ Re8 21. Qd6+ Kc8 22. Re1 Rd8 23. Qxe6+ Rd7 24. Re3 Kc7
25. Qe5+ Kc8 26. Rf3 Rd8 27. Qe6+ Kc7 28. Rf7+ Kb6 29. Qb3+ Ka6 30. Qc4+
Kb6 31. Qc5+ Ka6 32. Rf3 Re8 33. Ra3# { Black checkmated } 1-0

[Event "ICC tourney 2355 (60 10)"]
[Site "Internet Chess Club"]
[Date "2021.01.30"]
[Round "3"]
[White "cautiouscottage"]
[Black "c30mw"]
[Result "1-0"]
[ICCResult "Black checkmated"]
[WhiteElo "1053"]
[BlackElo "112"]
[Opening "QGD: exchange, positional line"]
[ECO "D35"]
[NIC "QO.16"]
[Time "16:00:20"]
[PlyCount "123"]
[TimeControl "3600+10"]

1. d4 d5 2. c4 e6 3. Nc3 Nf6 4. cxd5 exd5 5. Bg5 Be7 6. e3 h6 7. Bh4 Nc6 8.
Bb5 Bd7 9. Nge2 a6 10. Ba4 b5 11. Bb3 Bb4 12. O-O O-O 13. Nxd5 g5 14. Nxf6+
Qxf6 15. Bg3 h5 16. h3 Rac8 17. f3 Rfe8 18. e4 h4 19. Bf2 Na5 20. Nc3 Nxb3
21. axb3 Bxc3 22. bxc3 Ra8 23. Qc2 Qg6 24. Rac1 g4 25. hxg4 Bxg4 26. fxg4
Qxg4 27. Qd3 Rxe4 28. Rce1 Rxe1 29. Rxe1 Rf8 30. Re4 Qf5 31. Qe2 Qd7 32.
Bxh4 f5 33. Re7 Qc6 34. Qe6+ Qxe6 35. Rxe6 f4 36. Kf2 a5 37. Re5 a4 38.
bxa4 bxa4 39. Ra5 Rb8 40. Rxa4 Rb2+ 41. Kf3 Rc2 42. Kxf4 Rxc3 43. g4 Rd3
44. g5 Rh3 45. Bg3 Kg7 46. Kg4 Rh1 47. Bxc7 Kg6 48. d5 Rg1+ 49. Bg3 Rd1 50.
d6 Rd5 51. Bf4 Rd1 52. Ra7 Rd5 53. d7 Rd4 54. Ra6+ Kf7 55. Rd6 Rxd6 56.
Bxd6 Kg6 57. d8=Q Kf7 58. Qe7+ Kg6 59. Qf6+ Kh7 60. g6+ Kg8 61. Qf7+ Kh8
62. Qh7# { Black checkmated } 1-0

[Event "ICC tourney 2355 (60 10)"]
[Site "Internet Chess Club"]
[Date "2021.01.30"]
[Round "3"]
[White "santiagoF-hces"]
[Black "tinyattacker"]
[Result "0-1"]
[ICCResult "White resigns"]
[WhiteElo "326"]
[BlackElo "1216"]
[Opening "Scotch game"]
[ECO "C45"]
[NIC "SO.05"]
[Time "16:00:18"]
[PlyCount "112"]
[TimeControl "3600+10"]

1. e4 e5 2. Nf3 Nc6 3. d4 exd4 4. Nxd4 Bc5 5. Be3 Qf6 6. c3 Nge7 7. Bd3 d5
8. Qe2 Nxd4 9. Bxd4 Bxd4 10. cxd4 Qxd4 11. exd5 Qxd5 12. O-O Be6 13. Rd1
Qg5 14. Nc3 O-O 15. Ne4 Qg4 16. Qxg4 Bxg4 17. Re1 Nd5 18. Bc4 c6 19. f3 Bf5
20. Rad1 Rad8 21. Nc5 b5 22. Bxd5 Rxd5 23. Rxd5 cxd5 24. Re5 Bb1 25. Rxd5
Bxa2 26. Rd7 Ra8 27. Rb7 Bc4 28. Nd7 Be6 29. Ne5 f6 30. Nd3 Bc4 31. Nb4 a5
32. Nc2 b4 33. Ne3 Bf7 34. Kf2 b3 35. Ke2 Kf8 36. Kd3 a4 37. Nc4 Bxc4+ 38.
Kxc4 a3 39. bxa3 Rxa3 40. Rxb3 Rxb3 41. Kxb3 Ke7 42. Kc4 Ke6 43. Kd3 Kf5
44. Kd4 g5 45. g3 h5 46. Kd5 h4 47. gxh4 gxh4 48. h3 Kf4 49. Ke6 Kxf3 50.
Kf5 Kg3 51. Kxf6 Kxh3 52. Kf5 Kg3 53. Ke4 h3 54. Ke3 h2 55. Ke2 h1=Q 56.
Ke3 Qh4 { White resigns } 0-1

[Event "ICC tourney 2355 (60 10)"]
[Site "Internet Chess Club"]
[Date "2021.01.30"]
[Round "3"]
[White "AndyHeffernan"]
[Black "SpeyerZivaM"]
[Result "1/2-1/2"]
[ICCResult "Game drawn by mutual agreement"]
[WhiteElo "620"]
[BlackElo "866"]
[Opening "Sicilian: closed, 2...Nc6"]
[ECO "B23"]
[NIC "SI.44"]
[Time "16:03:04"]
[PlyCount "41"]
[TimeControl "3600+10"]

1. e4 c5 2. Nc3 Nc6 3. Bb5 g6 4. Bxc6 dxc6 5. d3 Bg7 6. Bd2 Nf6 7. Nf3 O-O
8. O-O Qd7 9. Be3 b6 10. h3 Qd6 11. e5 Qe6 12. exf6 Qxf6 13. Bg5 Qd6 14.
Ne4 Qe6 15. Re1 Qd7 16. c3 Qc7 17. d4 cxd4 18. cxd4 Rd8 19. Qa4 b5 20. Qb4
Rd7 21. Nc5 { Game drawn by mutual agreement } 1/2-1/2

[Event "ICC tourney 2355 (60 10)"]
[Site "Internet Chess Club"]
[Date "2021.01.30"]
[Round "3"]
[White "Bg71"]
[Black "DVWANG"]
[Result "1-0"]
[ICCResult "Black checkmated"]
[WhiteElo "1377"]
[BlackElo "1044"]
[Opening "Queen's pawn game"]
[ECO "D00"]
[NIC "QP.08"]
[Time "16:00:35"]
[PlyCount "59"]
[TimeControl "3600+10"]

1. d4 d5 2. e3 e6 3. Bd3 c5 4. c3 Bd6 5. f4 Nf6 6. Nd2 a6 7. Ngf3 Nc6 8.
O-O O-O 9. Ne5 Bxe5 10. fxe5 Nd7 11. Rf3 cxd4 12. exd4 f6 13. Rh3 h6 14.
Qg4 Kh8 15. Qg6 f5 16. Nf3 Qe8 17. Qg3 Kh7 18. Ng5+ Kh8 19. Nf3 Ne7 20.
Bxh6 Qg6 21. Bxg7+ Kxg7 22. Ng5 Nb6 23. Rh7+ Kg8 24. Rxe7 Na4 25. Rb1 b5
26. Qh4 Nb6 27. Rh7 Na4 28. Rh6 Qe8 29. Rh8+ Kg7 30. Qh7# { Black
checkmated } 1-0

[Event "ICC tourney 2355 (60 10)"]
[Site "Internet Chess Club"]
[Date "2021.01.30"]
[Round "3"]
[White "AarushB"]
[Black "srsmv"]
[Result "0-1"]
[ICCResult "White checkmated"]
[WhiteElo "932"]
[BlackElo "1230"]
[Opening "two knights defense: Kieseritsky variation"]
[ECO "C58"]
[NIC "KP.01"]
[Time "16:00:10"]
[PlyCount "56"]
[TimeControl "3600+10"]

1. e4 e5 2. Nf3 Nc6 3. Bc4 Nf6 4. Ng5 d5 5. exd5 Na5 6. d3 Nxc4 7. dxc4 Bc5
8. O-O O-O 9. Nc3 h6 10. Nf3 Bg4 11. Re1 Re8 12. h3 Bxf3 13. Qxf3 Qd7 14.
Qg3 Kh7 15. Rxe5 Rxe5 16. Qxe5 Re8 17. Qf4 Re1+ 18. Kh2 Bd6 19. Qxd6 Qxd6+
20. g3 Qc5 21. Be3 Rxe3 22. fxe3 Qxe3 23. Nd1 Qe2+ 24. Kg1 Qxc2 25. Kf1
Qxc4+ 26. Kf2 Qxd5 27. Ke3 Qe6+ 28. Kf4 Qe4# { White checkmated } 0-1

[Event "ICC tourney 2355 (60 10)"]
[Site "Internet Chess Club"]
[Date "2021.01.30"]
[Round "3"]
[White "chessburger0220"]
[Black "smashattack"]
[Result "0-1"]
[ICCResult "White checkmated"]
[WhiteElo "1096"]
[BlackElo "1451"]
[Opening "Sicilian: Anderssen variation"]
[ECO "B41"]
[NIC "SI.41"]
[Time "16:00:14"]
[PlyCount "52"]
[TimeControl "3600+10"]

1. e4 c5 2. Nf3 e6 3. d4 cxd4 4. Nxd4 Nf6 5. Nc3 Nc6 6. Be3 Bb4 7. f3 d5 8.
exd5 Nxd5 9. Nxc6 bxc6 10. Bd2 Qf6 11. Nxd5 exd5 12. Bxb4 Qh4+ 13. Ke2 Qxb4
14. b3 O-O 15. Kf2 Qc5+ 16. Ke1 Re8+ 17. Be2 Ba6 18. c4 Rad8 19. Kf1 dxc4
20. Qb1 Rd2 21. b4 Qd4 22. Qe1 Rexe2 23. Qxe2 Qxa1+ 24. Qe1 c3+ 25. b5
Bxb5+ 26. Kg1 Qxe1# { White checkmated } 0-1

[Event "ICC tourney 2355 (60 10)"]
[Site "Internet Chess Club"]
[Date "2021.01.30"]
[Round "3"]
[White "augustha"]
[Black "arjunbps10"]
[Result "0-1"]
[ICCResult "White checkmated"]
[WhiteElo "624"]
[BlackElo "919"]
[Opening "English: Carls' Bremen system"]
[ECO "A22"]
[NIC "EO.10"]
[Time "16:00:13"]
[PlyCount "118"]
[TimeControl "3600+10"]

1. c4 e5 2. Nc3 Nf6 3. g3 b6 4. Bg2 Nc6 5. Nf3 g6 6. d4 exd4 7. Nxd4 Nxd4
8. Bxa8 d5 9. Bxd5 Nxd5 10. Qxd4 Nxc3 11. Qxd8+ Kxd8 12. bxc3 Bb7 13. f3
Bg7 14. Bd2 Re8 15. Kf2 Ba6 16. c5 Rxe2+ 17. Kf1 Rxd2+ 18. Ke1 Bxc3 19. Rc1
Re2+ 20. Kd1 Rd2+ 21. Ke1 Rxh2+ 22. Rxc3 Rxh1+ 23. Kd2 Rh2+ 24. Ke3 Rxa2
25. cxb6 axb6 26. Kd4 Rd2+ 27. Ke4 Bb7+ 28. Ke3 Rd1 29. Ke2 Rd7 30. Ra3
Re7+ 31. Kf2 Re5 32. Rd3+ Rd5 33. Re3 b5 34. f4 c5 35. Rb3 c4 36. Rc3 Rd2+
37. Ke3 Rd3+ 38. Rxd3+ cxd3 39. Kxd3 Kd7 40. Kc3 Ke6 41. Kd4 Kf5 42. Kc5
Kg4 43. Kxb5 Kxg3 44. Kb6 h5 45. Kxb7 h4 46. f5 gxf5 47. Kc6 h3 48. Kd5 h2
49. Ke5 f4 50. Kf6 f3 51. Kxf7 f2 52. Kf6 f1=Q+ 53. Ke6 h1=Q 54. Ke5 Qh5+
55. Ke4 Qe8+ 56. Kd4 Qd1+ 57. Kc4 Qc8+ 58. Kb4 Qb1+ 59. Ka4 Qa8# { White
checkmated } 0-1

[Event "ICC tourney 2355 (60 10)"]
[Site "Internet Chess Club"]
[Date "2021.01.30"]
[Round "3"]
[White "mimiant"]
[Black "zgregor"]
[Result "1-0"]
[ICCResult "Black checkmated"]
[WhiteElo "1217"]
[BlackElo "910"]
[Opening "French: Schlechter variation"]
[ECO "C01"]
[NIC "FR.01"]
[Time "16:00:11"]
[PlyCount "61"]
[TimeControl "3600+10"]

1. e4 e6 2. d4 d5 3. Bd3 c5 4. exd5 exd5 5. dxc5 Bxc5 6. Nf3 Nf6 7. O-O O-O
8. Bg5 Nc6 9. Nc3 h6 10. Bh4 Qd6 11. Bxf6 Qxf6 12. Nxd5 Qd6 13. Bc4 Be6 14.
Re1 Bxd5 15. Bxd5 Rab8 16. Qd3 Nb4 17. Bxf7+ Rxf7 18. Qc3 Qc7 19. Re2 Qb6
20. Rd1 Nxa2 21. Qc4 Nb4 22. Ne5 Rf8 23. Nxf7 Rxf7 24. Re8+ Bf8 25. Rdd8
Qf6 26. Rxf8+ Kh7 27. Rxf7 Qa6 28. Qe4+ Qg6 29. Rh8+ Kxh8 30. Qxg6 b6 31.
Qxg7# { Black checkmated } 1-0

[Event "ICC tourney 2355 (60 10)"]
[Site "Internet Chess Club"]
[Date "2021.01.30"]
[Round "3"]
[White "lateninthrook"]
[Black "GabrielLoshak"]
[Result "1-0"]
[ICCResult "Black checkmated"]
[WhiteElo "822"]
[BlackElo "517"]
[Opening "QGD Slav defense"]
[ECO "D10"]
[NIC "SL.01"]
[Time "16:00:23"]
[PlyCount "99"]
[TimeControl "3600+10"]

1. d4 d5 2. c4 c6 3. Nc3 Bf5 4. cxd5 cxd5 5. Qb3 Nf6 6. e4 Bxe4 7. Nxe4
Nxe4 8. Nf3 e6 9. Ne5 Qd6 10. Qxb7 Qb4+ 11. Qxb4 Bxb4+ 12. Kd1 O-O 13. Bd3
a5 14. a3 Bd6 15. Re1 Bxe5 16. dxe5 Nc5 17. Ke2 Nxd3 18. Kxd3 Ra6 19. Ke2
Rc6 20. Kf1 Rc4 21. b3 Rh4 22. Kg1 d4 23. Bg5 Rg4 24. f4 h6 25. Be7 Re8 26.
Bc5 Rc8 27. Bxd4 Rd8 28. Be3 Rd3 29. Bb6 Rxb3 30. Bxa5 Nc6 31. Bd2 Rb2 32.
Bc1 Rbxg2+ 33. Kh1 Nd4 34. h3 R4g3 35. Be3 Nf3 36. Re2 Nh4 37. Rxg2 Nxg2
38. Bf2 Rg6 39. a4 Nxf4 40. Be3 Nd5 41. h4 Nxe3 42. a5 Rg4 43. a6 Rb4 44.
a7 Rxh4+ 45. Kg1 Rg4+ 46. Kf2 Nd1+ 47. Kf3 Rg1 48. a8=Q+ Kh7 49. Qe4+ Kg8
50. Ra8# { Black checkmated } 1-0

[Event "ICC tourney 2355 (60 10)"]
[Site "Internet Chess Club"]
[Date "2021.01.30"]
[Round "3"]
[White "petitejudo"]
[Black "SRA0612"]
[Result "0-1"]
[ICCResult "White checkmated"]
[WhiteElo "1162"]
[BlackElo "826"]
[Opening "Sicilian: Smith-Morra gambit"]
[ECO "B21"]
[NIC "SI.48"]
[Time "16:00:26"]
[PlyCount "106"]
[TimeControl "3600+10"]

1. e4 c5 2. d4 cxd4 3. c3 Nc6 4. cxd4 Qb6 5. Nf3 Nf6 6. Nc3 e6 7. Bc4 Bb4
8. e5 Ne4 9. O-O Nxc3 10. bxc3 Bxc3 11. Be3 Bxa1 12. Qxa1 Qb4 13. Bb3 Na5
14. Bd2 Qb5 15. Rb1 Nxb3 16. Rxb3 Qc6 17. Qd1 b6 18. Rc3 Qd5 19. Ng5 Bb7
20. Rf3 Rf8 21. Bb4 d6 22. Bxd6 Rg8 23. Ba3 f6 24. exf6 gxf6 25. Nxe6 Qxf3
26. Qxf3 Bxf3 27. Nc7+ Kd8 28. Nxa8 Bxa8 29. g3 Kc7 30. Kf1 Kc6 31. Ke2 a5
32. Ke3 Kb5 33. Kd3 Ka4 34. Be7 f5 35. Kc4 b5+ 36. Kc5 b4 37. d5 Ka3 38.
Bf6 Bxd5 39. Kxd5 Kxa2 40. Kc4 b3 41. Kb5 Ra8 42. Ka4 b2 43. Bxb2 Kxb2 44.
h3 Kc3 45. g4 fxg4 46. hxg4 Kd4 47. Kb3 a4+ 48. Kb2 a3+ 49. Kb1 a2+ 50. Ka1
Ke4 51. Kb2 a1=Q+ 52. Kb3 Rb8+ 53. Kc4 Qc1# { White checkmated } 0-1

[Event "ICC tourney 2355 (60 10)"]
[Site "Internet Chess Club"]
[Date "2021.01.30"]
[Round "3"]
[White "cman-g"]
[Black "Ninjastar16"]
[Result "0-1"]
[ICCResult "White checkmated"]
[WhiteElo "744"]
[BlackElo "1308"]
[Opening "Giuoco Piano"]
[ECO "C50"]
[NIC "IG.02"]
[Time "16:00:56"]
[PlyCount "114"]
[TimeControl "3600+10"]

1. e4 e5 2. Nf3 Nc6 3. Bc4 Bc5 4. O-O Nf6 5. Nc3 d6 6. h3 Be6 7. Bb3 O-O 8.
d3 h6 9. Be3 Bb6 10. Qd2 Re8 11. Nd5 Ba5 12. Nxf6+ Qxf6 13. Qe2 Rad8 14.
Ba4 Bb6 15. Bxb6 axb6 16. Bxc6 bxc6 17. Qd2 d5 18. Qc3 dxe4 19. dxe4 Bc8
20. Rad1 Rxd1 21. Rxd1 c5 22. Rd5 Bb7 23. Rxe5 Rxe5 24. Qxe5 Qxe5 25. Nxe5
Bxe4 26. c4 f6 27. Ng4 Bd3 28. Ne3 Kf7 29. Kh2 Ke6 30. Kg3 Ke5 31. Kf3 Kd4
32. b3 Bb1 33. Kf4 Bxa2 34. Nf5+ Kd3 35. Nxg7 Bxb3 36. Ne6 c6 37. Nd8 Ba4
38. Kf5 Kxc4 39. Kxf6 b5 40. Nxc6 b4 41. Ne5+ Kd4 42. Nf3+ Kc3 43. Ng1 b3
44. Ne2+ Kd2 45. Ng3 b2 46. Ne4+ Kc2 47. Nxc5 b1=Q 48. Nxa4 Qa1+ 49. Kg6
Qxa4 50. Kxh6 Qf4+ 51. Kh5 Qxf2 52. g4 Qf7+ 53. Kh4 Kd3 54. g5 Ke4 55. g6
Qg7 56. Kh5 Kf4 57. h4 Qh8# { White checkmated } 0-1

[Event "ICC tourney 2355 (60 10)"]
[Site "Internet Chess Club"]
[Date "2021.01.30"]
[Round "3"]
[White "Gabriel-PS165"]
[Black "zman-g"]
[Result "0-1"]
[ICCResult "White checkmated"]
[WhiteElo "561"]
[BlackElo "771"]
[Opening "Grob's attack"]
[ECO "A00"]
[NIC "VO.11"]
[Time "16:01:44"]
[PlyCount "68"]
[TimeControl "3600+10"]

1. g4 e5 2. Bg2 d5 3. b3 Bxg4 4. c4 c6 5. Nc3 Nf6 6. d3 d4 7. Ne4 Nxe4 8.
Bxe4 Bb4+ 9. Bd2 Bxd2+ 10. Qxd2 O-O 11. h4 Nd7 12. h5 Nf6 13. h6 Nxe4 14.
dxe4 Qf6 15. O-O-O Qxf2 16. hxg7 Rfd8 17. Kb1 Qe3 18. Qe1 Qxe4+ 19. Rd3
Qxh1 20. Qg3 Bxe2 21. Rd2 Qe4+ 22. Kb2 Bh5 23. Qh3 Bg6 24. Rg2 Qb1+ 25. Ka3
Qc1+ 26. Ka4 Be4 27. Rg3 c5 28. b4 Qc2+ 29. Rb3 Rd6 30. Kb5 Qxa2 31. Ra3
a6+ 32. Ka5 b6+ 33. Ka4 Bc6+ 34. b5 axb5# { White checkmated } 0-1

[Event "ICC tourney 2355 (60 10)"]
[Site "Internet Chess Club"]
[Date "2021.01.30"]
[Round "3"]
[White "DiamondUnicorn"]
[Black "littleknightie"]
[Result "1-0"]
[ICCResult "Black checkmated"]
[WhiteElo "1149"]
[BlackElo "753"]
[Opening "Queen's gambit declined"]
[ECO "D35"]
[NIC "EO.64"]
[Time "16:00:24"]
[PlyCount "83"]
[TimeControl "3600+10"]

1. c4 e6 2. d4 d5 3. cxd5 exd5 4. Nc3 Nf6 5. Nf3 Bb4 6. Bd2 Be6 7. g3 h6 8.
Bg2 O-O 9. O-O c5 10. e3 Nc6 11. a3 Ba5 12. dxc5 Qe7 13. b4 Bc7 14. Ne2 b6
15. cxb6 axb6 16. b5 Ne5 17. Bb4 Qd7 18. Nxe5 Bxe5 19. Bxf8 Rxf8 20. Rb1
Bh3 21. Qc2 Rc8 22. Qd2 Rd8 23. Rfc1 Qf5 24. Qc2 Ne4 25. Nf4 Bxf4 26. exf4
h5 27. f3 Nxg3 28. hxg3 Qe6 29. Re1 Qf6 30. Bxh3 h4 31. Qc6 Rd6 32. Qe8+
Kh7 33. Qe5 Qh6 34. Qf5+ Rg6 35. g4 Kg8 36. Re8+ Kh7 37. g5 Qh5 38. Bg4
Qxg4+ 39. Qxg4 Rh6 40. gxh6 Kxh6 41. Qg5+ Kh7 42. Qh5# { Black checkmated }
1-0

[Event "ICC tourney 2355 (60 10)"]
[Site "Internet Chess Club"]
[Date "2021.01.30"]
[Round "3"]
[White "ClarkSps77"]
[Black "NYHernandez"]
[Result "0-1"]
[ICCResult "White checkmated"]
[WhiteElo "961"]
[BlackElo "1367"]
[Opening "Sicilian defense"]
[ECO "B30"]
[NIC "SI.31"]
[Time "16:00:13"]
[PlyCount "124"]
[TimeControl "3600+10"]

1. e4 c5 2. Nf3 Nc6 3. Nc3 g6 4. Bb5 Bg7 5. O-O Nd4 6. a4 a6 7. Bc4 d6 8.
Nxd4 cxd4 9. Qf3 Nf6 10. Ne2 Bg4 11. Qd3 d5 12. exd5 Bxe2 13. Qxe2 Nxd5 14.
Bxd5 Qxd5 15. Re1 O-O 16. c4 Qd6 17. d3 e5 18. b3 Qb4 19. Ba3 Qxb3 20. Bxf8
Rxf8 21. Reb1 Qc3 22. Rc1 Qb3 23. Qc2 Qxc2 24. Rxc2 e4 25. dxe4 d3 26. Rcc1
d2 27. Rd1 Bxa1 28. Rxa1 Rd8 29. Rd1 Rd4 30. f3 Rxc4 31. Rxd2 Rxa4 32. Rd7
b5 33. Rd8+ Kg7 34. Rd1 b4 35. Kf2 b3 36. Kg3 b2 37. Rb1 Rb4 38. Kf2 a5 39.
Ke2 a4 40. Kd2 a3 41. Kc2 a2 42. Rxb2 a1=Q 43. Rxb4 Qe5 44. Kb3 Qxh2 45.
Ka4 Qxg2 46. Ka5 Qxf3 47. Ka4 f5 48. exf5 gxf5 49. Ka5 f4 50. Ka4 Qd1+ 51.
Ka5 f3 52. Rg4+ Kf6 53. Rf4+ Ke5 54. Rb4 f2 55. Rb5+ Qd5 56. Rxd5+ Kxd5 57.
Kb5 f1=Q+ 58. Kb6 Qc4 59. Kb7 Qc6+ 60. Kb8 Qd7 61. Ka8 Kc6 62. Kb8 Qb7# {
White checkmated } 0-1

[Event "ICC tourney 2355 (60 10)"]
[Site "Internet Chess Club"]
[Date "2021.01.30"]
[Round "3"]
[White "chessimposter"]
[Black "siddharthbose"]
[Result "0-1"]
[ICCResult "White checkmated"]
[WhiteElo "997"]
[BlackElo "1232"]
[Opening "Sicilian: Smith-Morra gambit"]
[ECO "B21"]
[NIC "SI.48"]
[Time "16:01:04"]
[PlyCount "110"]
[TimeControl "3600+10"]

1. e4 c5 2. d4 cxd4 3. c3 dxc3 4. Nxc3 e6 5. Bc4 Nc6 6. Nf3 Bc5 7. O-O Nge7
8. Bf4 a6 9. Re1 O-O 10. Qc2 b5 11. Bd3 Nb4 12. Qd2 Qb6 13. Rf1 Nxd3 14.
Qxd3 Rd8 15. e5 Bb7 16. Ng5 Ng6 17. Nce4 Qc6 18. Rac1 Nxf4 19. Qf3 h6 20.
Rxc5 Qb6 21. Qxf4 hxg5 22. Qxg5 Bxe4 23. Rc3 Bg6 24. Rh3 Qd4 25. b3 Re8 26.
Qg3 Rac8 27. Qg5 Rc5 28. Rh4 Qxe5 29. Qg4 Qf5 30. Qg3 Rec8 31. Rf4 Qe5 32.
Rf3 Qxg3 33. Rxg3 Rc1 34. Re3 Rxf1+ 35. Kxf1 Rc1+ 36. Ke2 Rc2+ 37. Kd1 Rxf2
38. Rg3 Rxa2 39. Ke1 a5 40. Kd1 a4 41. bxa4 bxa4 42. Ke1 a3 43. Kf1 Ra1+
44. Ke2 a2 45. Ra3 Rg1 46. Kf2 a1=Q 47. Rxa1 Rxa1 48. h3 d5 49. g3 d4 50.
Ke2 Ra2+ 51. Kd1 d3 52. Kc1 e5 53. Kd1 e4 54. g4 e3 55. Ke1 Ra1# { White
checkmated } 0-1

[Event "ICC tourney 2355 (60 10)"]
[Site "Internet Chess Club"]
[Date "2021.01.30"]
[Round "3"]
[White "czw1"]
[Black "hannahchan"]
[Result "1-0"]
[ICCResult "Black checkmated"]
[WhiteElo "1360"]
[BlackElo "961"]
[Opening "Boden-Kieseritsky gambit"]
[ECO "C42"]
[NIC "RG.01"]
[Time "16:00:15"]
[PlyCount "117"]
[TimeControl "3600+10"]

1. e4 e5 2. Nf3 Nf6 3. Bc4 Nxe4 4. Nc3 Nxc3 5. dxc3 Nc6 6. Ng5 Bc5 7. Qd5
Qe7 8. Nxf7 Rf8 9. Bg5 Bxf2+ 10. Kxf2 Qxf7+ 11. Qxf7+ Rxf7+ 12. Bxf7+ Kxf7
13. Rhf1 d6 14. Kg1+ Kg8 15. Rad1 Be6 16. b3 h6 17. Be3 Ne7 18. c4 Nf5 19.
Bf2 Rf8 20. Rfe1 Bf7 21. c5 a6 22. cxd6 cxd6 23. g4 Ne7 24. Rxd6 Nc6 25.
Kg2 Rd8 26. Rxd8+ Nxd8 27. Rxe5 Nc6 28. Re1 Nb4 29. c3 Nxa2 30. Bd4 Bxb3
31. Ra1 g6 32. Kf2 Kf7 33. Ke3 Ke6 34. Ke4 Bd5+ 35. Kd3 Bb3 36. Bb6 Ke5 37.
c4 Kf4 38. Rb1 Ba4 39. Kd2 Bc6 40. Rb2 Kxg4 41. Rxa2 Kh3 42. Ke3 h5 43. Rf2
g5 44. Rf5 Kg4 45. Rf2 h4 46. Bc7 b5 47. cxb5 axb5 48. Bd6 Kh3 49. Rc2 Bd7
50. Ke4 Bg4 51. Rc3+ Kg2 52. Rc5 Bf3+ 53. Ke3 Bg4 54. Rxg5 Kh3 55. Rxb5 Bf3
56. Bg3 hxg3 57. Kxf3 Kh4 58. hxg3+ Kh3 59. Rh5# { Black checkmated } 1-0

[Event "ICC tourney 2355 (60 10)"]
[Site "Internet Chess Club"]
[Date "2021.01.31"]
[Round "4"]
[White "Ninjastar16"]
[Black "andrewj508"]
[Result "1-0"]
[ICCResult "Black checkmated"]
[WhiteElo "1308"]
[BlackElo "1256"]
[Opening "French: advance, Milner-Barry gambit"]
[ECO "C02"]
[NIC "FR.03"]
[Time "10:02:03"]
[PlyCount "39"]
[TimeControl "3600+10"]

1. e4 e6 2. d4 d5 3. e5 c5 4. c3 Nc6 5. Nf3 Qb6 6. Bd3 Bd7 7. Bc2 cxd4 8.
cxd4 Nb4 9. Nc3 Rc8 10. a3 Nxc2+ 11. Qxc2 Ne7 12. O-O Nf5 13. Rd1 Be7 14.
Bg5 Bxg5 15. Nxg5 Nxd4 16. Qd3 Nb3 17. Rab1 Na5 18. Qf3 O-O 19. Qd3 h6 20.
Qh7# { Black checkmated } 1-0

[Event "ICC tourney 2355 (60 10)"]
[Site "Internet Chess Club"]
[Date "2021.01.31"]
[Round "4"]
[White "C31chessP"]
[Black "AidanMc2013"]
[Result "1-0"]
[ICCResult "Black resigns"]
[WhiteElo "955"]
[BlackElo "464"]
[Opening "Scotch opening"]
[ECO "C44"]
[NIC "KP.10"]
[Time "10:02:41"]
[PlyCount "67"]
[TimeControl "3600+10"]

1. e4 e5 2. Nf3 Nc6 3. d4 Bd6 4. d5 Nd4 5. Nxd4 exd4 6. Qxd4 Nf6 7. e5 Qe7
8. Bf4 Ng4 9. Be2 Nxe5 10. Nc3 Ng4 11. Bxd6 cxd6 12. Qxg4 O-O 13. O-O b6
14. Bd3 h6 15. Qf5 g6 16. Qh3 Kh7 17. Rae1 Qf6 18. Re3 Bb7 19. Ne4 Qe5 20.
Ng3 Qxd5 21. Be4 Qc5 22. Bxb7 Rab8 23. Be4 d5 24. Bd3 Rbe8 25. Rxe8 Rxe8
26. Nh5 Re5 27. Qf3 Qf8 28. Nf6+ Kg7 29. Nxd7 Rf5 30. Bxf5 Qe7 31. Bh3 f5
32. Qc3+ Kf7 33. Ne5+ Kg7 34. Re1 { Black resigns } 1-0

[Event "ICC tourney 2355 (60 10)"]
[Site "Internet Chess Club"]
[Date "2021.01.31"]
[Round "4"]
[White "joshuakps77"]
[Black "AriWinsU"]
[Result "1-0"]
[ICCResult "Black checkmated"]
[WhiteElo "1099"]
[BlackElo "868"]
[Opening "Scandinavian defense"]
[ECO "B01"]
[NIC "SD.03"]
[Time "10:01:49"]
[PlyCount "91"]
[TimeControl "3600+10"]

1. e4 d5 2. exd5 Nf6 3. Nf3 Nxd5 4. c4 Nf6 5. d4 Nc6 6. Nc3 Bg4 7. h3 Bxf3
8. Qxf3 Nxd4 9. Qd1 g6 10. Be3 Nc6 11. Qb3 b6 12. Be2 Bg7 13. O-O Nd4 14.
Qa4+ Qd7 15. Qxd7+ Nxd7 16. Bxd4 Bxd4 17. Nb5 Bxb2 18. Nxc7+ Kd8 19. Nxa8
Kc8 20. Rab1 Bg7 21. Bf3 f5 22. Rfe1 e5 23. Red1 e4 24. Be2 Kb7 25. Rxd7+
Kxa8 26. Rxg7 a6 27. Rxb6 a5 28. Rbb7 a4 29. Rxh7 Rf8 30. Ra7+ Kb8 31.
Rhb7+ Kc8 32. Ra8+ Kxb7 33. Rxf8 Kc6 34. Ra8 Kc5 35. Rxa4 Kd4 36. Ra6 g5
37. Rg6 Kc3 38. Rxg5 Kd2 39. Rxf5 Ke1 40. Re5 Kd2 41. Rxe4 Ke1 42. c5 Kd2
43. c6 Ke1 44. c7 Kd2 45. c8=Q Ke1 46. Qc1# { Black checkmated } 1-0

[Event "ICC tourney 2355 (60 10)"]
[Site "Internet Chess Club"]
[Date "2021.01.31"]
[Round "4"]
[White "ArtMan2030"]
[Black "akashiyer2012"]
[Result "1-0"]
[ICCResult "Black checkmated"]
[WhiteElo "1168"]
[BlackElo "762"]
[Opening "Queen's pawn, Mason variation"]
[ECO "D00"]
[NIC "QP.08"]
[Time "10:02:03"]
[PlyCount "51"]
[TimeControl "3600+10"]

1. d4 d5 2. Bf4 Nc6 3. Nf3 Nf6 4. e3 Bf5 5. c4 dxc4 6. Nc3 e6 7. Bxc4 Bd6
8. Bxd6 cxd6 9. O-O O-O 10. Re1 Nb4 11. e4 Bg6 12. a3 Na6 13. Bxa6 bxa6 14.
Qe2 Qc8 15. Rac1 d5 16. Nxd5 exd5 17. Rxc8 Raxc8 18. exd5 Rce8 19. Qxa6
Rxe1+ 20. Nxe1 Re8 21. Nf3 Bh5 22. d6 Bxf3 23. gxf3 Re1+ 24. Kg2 Nh5 25.
Qc8+ Re8 26. Qxe8# { Black checkmated } 1-0

[Event "ICC tourney 2355 (60 10)"]
[Site "Internet Chess Club"]
[Date "2021.01.31"]
[Round "4"]
[White "GabrielLoshak"]
[Black "liuo30"]
[Result "0-1"]
[ICCResult "White checkmated"]
[WhiteElo "517"]
[BlackElo "831"]
[Opening "Petrov: Italian variation"]
[ECO "C24"]
[NIC "IG.04"]
[Time "10:02:01"]
[PlyCount "130"]
[TimeControl "3600+10"]

1. e4 e5 2. Bc4 Nf6 3. Nf3 d5 4. exd5 Nxd5 5. Bb5+ Bd7 6. Bxd7+ Qxd7 7. O-O
e4 8. Ne5 Qe6 9. Nc4 Nf6 10. Na5 Qb6 11. Nc4 Qb5 12. d3 exd3 13. Qxd3 Bc5
14. Rd1 O-O 15. b3 Qc6 16. Na5 Qb6 17. Rf1 Qxa5 18. Bd2 Qb6 19. Re1 Bxf2+
20. Kf1 Bxe1 21. Bxe1 Re8 22. Qg3 Qb5+ 23. Kg1 Rxe1+ 24. Qxe1 Qc5+ 25. Kf1
Ng4 26. Qe8+ Qf8 27. Qe4 Nxh2+ 28. Kg1 Qd6 29. Qh4 Qd4+ 30. Kxh2 Qxa1 31.
Qe1 Nc6 32. c3 Qxa2 33. Nd2 Qa5 34. Qe3 Qe5+ 35. Qg3 Qxg3+ 36. Kxg3 Ne5 37.
Kf4 f6 38. c4 c5 39. Ne4 a6 40. Nxc5 b6 41. Nb7 Rb8 42. Nd6 b5 43. cxb5
axb5 44. Ke4 h5 45. Kd5 b4 46. Kc5 Nd7+ 47. Kc6 Ne5+ 48. Kc7 Ra8 49. Kb7
Ra3 50. Ne8 Rxb3 51. Nd6 Rg3 52. Nf5 Rxg2 53. Kb6 b3 54. Ne3 Re2 55. Nd1 b2
56. Kc7 b1=Q 57. Nc3 Rc2 58. Kd8 Rxc3 59. Ke8 Nd7 60. Kxd7 Re3 61. Kd6 Qd1+
62. Kc6 Rc3+ 63. Kb5 Qb1+ 64. Ka4 Rc8 65. Ka3 Ra8# { White checkmated } 0-1